 Dungeon Crawl Stone Soup version 0.21-a0-356-g45b0a09 (webtiles) character file.

3301 tof the Cruncher (level 9, -1/70 HPs)
             Began as a Minotaur Gladiator on Oct 12, 2017.
             Was a Follower of Wu Jian.
             Slain by a hog (6 damage)
             ... on level 7 of the Dungeon.
             The game lasted 00:13:12 (7320 turns).

tof the Cruncher (Minotaur Gladiator)               Turns: 7320, Time: 00:13:13

Health: -1/70      AC: 15    Str: 19    XL:     9   Next: 70%
Magic:  8/8        EV: 10    Int:  5    God:    Wu Jian [*.....]
Gold:   282        SH:  0    Dex: 19    Spells: 8/8 levels left

rFire    + . .     SeeInvis .   a - +0 quarterstaff
rCold    . . .     Gourm    .   (shield currently unavailable)
rNeg     . . .     Faith    .   o - +0 plate armour
rPois    .         Spirit   .   c - +0 hat
rElec    .         Reflect  .   (no cloak)
rCorr    .         Harm     .   (no gloves)
MR       +....                  (no boots)
Stlth    ..........             (no amulet)
HPRegen  0.21/turn              h - +4 ring of dexterity
MPRegen  0.11/turn              r - ring of protection from magic (curse)

@: about to teleport
A: retaliatory headbutt, claws 1, horns 2, molten scales 1, fire resistance 1,
frail 1
a: Renounce Religion


You were on level 7 of the Dungeon.
You worshipped Wu Jian.
Wu Jian was aware of your devotion.
You were not hungry.

You visited 2 branches of the dungeon, and saw 8 of its levels.

You collected 384 gold pieces.
You spent 102 gold pieces at shops.

Inventory:

Hand Weapons
 a - a +0 quarterstaff (weapon)
Missiles
 d - 3 throwing nets
 j - 23 poisoned needles
 p - 12 tomahawks (quivered)
Armour
 c - a +0 hat (worn)
 o - a +0 plate armour (worn)
Jewellery
 h - a +4 ring of dexterity (left claw)
 r - a cursed ring of protection from magic (right claw)
 C - a +5 ring of strength
 J - a +4 ring of dexterity
Wands
 B - a wand of random effects (17/48)
 F - a wand of flame (27/48)
 G - a wand of scattershot (4/9)
Scrolls
 b - 2 scrolls of random uselessness
 e - 2 scrolls of fog
 g - 2 scrolls of immolation
 k - 3 scrolls of recharging
 m - 5 scrolls of teleportation
 u - a scroll of magic mapping
 v - 3 scrolls of enchant weapon
 y - 4 scrolls of remove curse
 A - 2 scrolls of enchant armour
 D - a scroll of fear
 K - a scroll of noise
Potions
 n - 3 potions of lignification
 q - 2 potions of curing
 w - 4 potions of brilliance {unknown}
 z - 3 potions of heal wounds
 E - a potion of magic {unknown}
 H - a potion of might {unknown}
Books
 t - a book of Alchemy

   Spells                             Type                      Level
   a - Sublimation of Blood           Necromancy                   2
   b - Ignite Poison                  Fire/Transmutation/Poison    3
   c - Petrify                        Transmutation/Earth          4
   d - Alistair's Intoxication        Transmutation/Poison         5
   e - Irradiate                      Conjuration/Transmutation    5
Comestibles
 f - 5 bread rations
 l - 2 fruits
 s - 4 royal jellies
 x - 3 meat rations


   Skills:
 + Level 6.6 Fighting
 * Level 9.5 Staves
 + Level 5.5 Throwing
 * Level 8.7 Armour
 + Level 6.6 Dodging


You had 8 spell levels left.
You didn't know any spells.

Dungeon Overview and Level Annotations

Branches:
Dungeon (7/15)             Temple (1/1) D:4

Altars:
Ashenzari
Cheibriados
Dithmenos
Elyvilon
Fedhas
Gozag
Hepliaklqana
Kikubaaqudgha
Makhleb
Nemelex Xobeh
Okawaru
Qazlal
Ru
Sif Muna
Uskayaw
Vehumet
Wu Jian
Xom
Yredelemnul
Zin
The Shining One

Shops:
D:4 ?


Innate Abilities, Weirdness & Mutations

You reflexively headbutt those who attack you in melee.
You have a pair of horns on your head.
You have sharp fingernails.
You are partially covered in molten scales. (AC +2)
Your flesh is heat resistant. (rF+)
You are frail. (-10% HP)


Message History

You spin and attack the hog.
You hit the hog.
The hog is heavily wounded.
You spin and attack the hog.
You hit the hog.
The hog is lightly wounded.
The hog bites you!
* * * LOW HITPOINT WARNING * * *
The hog bites you.
* * * LOW HITPOINT WARNING * * *
Your plate armour prevents you from hitting the hog.
You headbutt the hog.
The hog is severely wounded.
The hog bites you but does no damage. x2
You hit the hog.
The hog is severely wounded.
The hog bites you but does no damage.
As you read the scroll of teleportation, it crumbles to dust.
You feel strangely unstable. The hog bites you.
* * * LOW HITPOINT WARNING * * *
The hog misses you. The hog bites you.
You die...

.> ####### #.
#%%#..####### #.
#%.#..#.....#####(
#..'..#.###....##.
#..#..#.# ####....
#O.# #.# ####....
##h## #.# #.......
#h@.# #.# #.##....
##h#####.###.###...
#......##≈.♣.♣##..
#####.##._.....##.
#.#.#.._#..♣#.
#...♣.#_≈≈....
###...≈._.♣###
##≈.._.♣.##
##.≈≈..##


You could see 3 hogs and an ogre.

Vanquished Creatures
  Pikel (D:6)
  Eustachio (D:6)
  A hog (D:7)
  A human (D:7)
  2 steam dragons (D:6)
  A water moccasin (D:7)
  2 orc warriors
  A slave (D:6)
  A sky beast (D:6)
  A phantom (D:5)
  3 ogres
  A centaur (D:5)
  3 bullfrogs (D:7)
  A scorpion (D:6)
  3 wights (D:7)
  4 howler monkeys
  3 crimson imps
  A quasit (D:6)
  4 hounds
  2 orc priests (D:5)
  5 orc wizards
  Ijyb (D:3)
  Natasha (twice) (D:4)
  4 worker ants
  A hound zombie (D:5)
  7 adders
  A shadow imp (D:6)
  An ooze (D:6)
  An adder zombie (D:5)
  An adder skeleton (D:3)
  3 worms
  A dart slug (D:2)
  4 leopard geckos
  16 orcs
  8 giant cockroaches
  13 goblins
  5 hobgoblins
  9 jackals
  9 kobolds
  3 quokkas
  7 bats
  9 frilled lizards
  11 rats
159 creatures vanquished.

Vanquished Creatures (others)
  A slave (D:6)
  A scorpion (D:6)
  An orc wizard (D:3)
  An adder (D:6)
4 creatures vanquished.

Grand Total: 163 creatures vanquished

Notes
Turn   | Place    | Note
-------+----------+-------------------------------------------
     0 | D:1      | tof the Minotaur Gladiator began the quest for the Orb.
     0 | D:1      | Reached XP level 1. HP: 18/18 MP: 0/0
   144 | D:1      | Reached skill level 1 in Armour
   191 | D:1      | Reached XP level 2. HP: 25/25 MP: 1/1
   460 | D:1      | Reached skill level 4 in Staves
   975 | D:2      | Reached XP level 3. HP: 29/30 MP: 2/2
  1956 | D:2      | Found a sparkling altar of Nemelex Xobeh.
  2072 | D:2      | Noticed an ogre
  2079 | D:2      | Killed an ogre
  2079 | D:2      | Reached XP level 4. HP: 9/38 MP: 3/3
  2079 | D:2      | Reached XP level 5. HP: 10/45 MP: 4/4
  2666 | D:3      | Reached skill level 5 in Staves
  3145 | D:3      | Reached XP level 6. HP: 51/51 MP: 5/5
  3163 | D:3      | Noticed Ijyb
  3172 | D:3      | Killed Ijyb
  3277 | D:3      | Found a glowing golden altar of the Shining One.
  3904 | D:4      | Found a staircase to the Ecumenical Temple.
  3913 | Temple   | Entered the Ecumenical Temple
  3978 | Temple   | Became a worshipper of the Wu Jian Council
  3998 | D:4      | Found Zahuf's Magic Scroll Boutique.
  4004 | D:4      | Bought a scroll of fog for 24 gold pieces
  4004 | D:4      | Bought a scroll of fear for 42 gold pieces
  4004 | D:4      | Bought a scroll of teleportation for 36 gold pieces
  4319 | D:4      | Noticed Natasha
  4326 | D:4      | Killed Natasha
  4367 | D:4      | Noticed Natasha
  4386 | D:4      | Killed Natasha
  4691 | D:5      | Entered Level 5 of the Dungeon
  4711 | D:5      | Reached XP level 7. HP: 57/59 MP: 6/6
  4775 | D:5      | Reached skill level 6 in Staves
  4857 | D:5      | Reached skill level 5 in Armour
  5294 | D:5      | Found an opulent altar of Gozag.
  5842 | D:6      | Reached skill level 5 in Dodging
  5867 | D:6      | Reached XP level 8. HP: 65/67 MP: 7/7
  5868 | D:6      | Reached skill level 7 in Staves
  5884 | D:6      | Reached skill level 5 in Fighting
  5890 | D:6      | Gained mutation: You have sharp fingernails. [mutagenic meat]
  5891 | D:6      | Gained mutation: You are frail. (-10% HP) [mutagenic meat]
  5892 | D:6      | Gained mutation: You are partially covered in molten scales. (AC +2) [mutagenic meat]
  5893 | D:6      | Gained mutation: Your flesh is heat resistant. (rF+) [mutagenic meat]
  6042 | D:6      | Noticed Pikel
  6081 | D:6      | Killed Pikel
  6225 | D:6      | Reached skill level 8 in Staves
  6327 | D:6      | Reached * piety under Wu Jian
  6601 | D:6      | Noticed Eustachio
  6620 | D:6      | Killed Eustachio
  6620 | D:6      | Reached XP level 9. HP: 67/67 MP: 8/8
  6901 | D:6      | Reached skill level 5 in Throwing
  6949 | D:7      | Reached skill level 9 in Staves
  7266 | D:7      | Found a shimmering altar of Xom.
  7266 | D:7      | Found a shimmering altar of Xom.
  7266 | D:7      | Found a shimmering altar of Xom.
  7266 | D:7      | Found a shimmering altar of Xom.
  7267 | D:7      | Found a shimmering altar of Xom.
  7320 | D:7      | Slain by a hog

Vault maps used:
D:1:      dpeg_cavernosity
D:2:      kennysheep_six_static_rooms, lemuel_coloured_pillars_altar,
          grunt_ministairs_6, minmay_octomino_e4
D:3:      tso_metal_star, minmay_bisected, uniq_ijyb
D:4:      minmay_temple_entry_mist, serial_shops, kennysheep_little_box,
          uniq_natasha
D:5:      nicolae_gozag_cash_rules_everything_around_me, first_bread
D:6:      kennysheep_steamy, uniq_pikel, uniq_eustachio
D:7:      grunt_livestock, xom_redecorated
Temple:   compressed_dpeg_circular_temple

Skill      XL: |  1  2  3  4  5  6  7  8  9 |
---------------+----------------------------+-----
Armour         | 1 2 3 4 5 7 8 |  8.7
Staves         | 4 5 6 8 9 |  9.5
Fighting       | 3 4 5 6 |  6.6
Dodging        | 4 5 6 |  6.6
Throwing       | 3 4 5 |  5.5

Action                   |  1- 3 |  4- 6 |  7- 9 || total
-------------------------+-------+-------+-------++-------
Melee: Quarterstaff      |    83 |   137 |   266 ||   486
       Headbutt          |    14 |    30 |    71 ||   115
  Use: Scroll            |       |       |    11 ||    11
 Stab: Sleeping          |     1 |       |       ||     1
  Eat: Chunk             |     3 |     5 |    12 ||    20
       Bread ration      |       |     1 |       ||     1
Armor: Chain mail        |     7 |       |       ||     7
       Plate armour      |    45 |   106 |   179 ||   330
Dodge: Dodged            |    36 |    67 |   141 ||   244

Table legend:
 A = Spawn XP
 B = Non-spawn XP
 C = Spawn XP percentage of total XP
 D = Spawn monster count
 E = Non-spawn monster count
 F = Spawn count percentage of total count
 G = Total turns spent on level
                    A         B        C        D         E        F      G
               +---------+---------+-------+---------+---------+-------+---------
         Total |       0 |    4717 |   0.0 |       0 |     159 |   0.0 |  7320
               +---------+---------+-------+---------+---------+-------+---------
           D:1 |       0 |      33 |   0.0 |       0 |      21 |   0.0 |   825
           D:2 |       0 |     172 |   0.0 |       0 |      26 |   0.0 |  1452
           D:3 |       0 |     240 |   0.0 |       0 |      41 |   0.0 |  1350
           D:4 |       0 |     266 |   0.0 |       0 |      16 |   0.0 |   989
           D:5 |       0 |     542 |   0.0 |       0 |      15 |   0.0 |  1088
           D:6 |       0 |    2145 |   0.0 |       0 |      22 |   0.0 |  1326
           D:7 |       0 |    1319 |   0.0 |       0 |      18 |   0.0 |   215
               +---------+---------+-------+---------+---------+-------+---------
